PBL
CALGARY FLAMES @ JOPLIN BLASTERS
08/17/2048
 
TOP OF THE 1ST
Calgary Flames batting - Pitching for Joplin Blasters : LHP Ben Mills
Pitching: LHP Ben Mills
Batting: LHB Garrett Dodge 0-0: Called Strike
0-1: Ball
1-1: Ball
2-1: Ball
3-1: Base on Balls
Batting: RHB Peter Frankel 0-0: Ball
1-0: Ball
2-0: Ball
3-0: Base on Balls
Garrett Dodge to second
Batting: RHB Norinaga Yamakawakamatsu 0-0: Called Strike
0-1: Called Strike
0-2: Ball
1-2: Grounds into double play, 4-6-3 (Groundball, 4, EV 99.4 MPH)
Garrett Dodge to third
Batting: RHB Alejandro Patron 0-0: Ground out U3 (Groundball, 13, EV 88.8 MPH)
Top of the 1st over - 0 runs, 0 hits, 0 errors, 1 left on base; Calgary 0 - Joplin 0
BOTTOM OF THE 1ST
Joplin Blasters batting - Pitching for Calgary Flames : RHP Jarrod Boncek
Pitching: RHP Jarrod Boncek
Batting: RHB John Normand 0-0: Ball
1-0: Ball
2-0: Ball
3-0: Called Strike
3-1: Base on Balls
Batting: RHB Mike McClung 0-0: Called Strike
0-1: Ball
1-1: Foul Ball, location: 2F
1-2: Foul Ball, location: 2F
1-2: Strikes out looking
Batting: SHB Gary Woodroffe 0-0: Ball
1-0: Ball
2-0: Ball
3-0: Called Strike
3-1: Foul Ball, location: 2F
3-2: Foul Ball, location: 2F
3-2: Fly out, F8 (Flyball, 89XD, EV 75.6 MPH)
Batting: RHB Cody Marshall 0-0: Called Strike
0-1: Called Strike
0-2: Ball
1-2: Ball
2-2: Ball
3-2: Base on Balls
John Normand to second
Batting: RHB Tanner Holland 0-0: Ball
1-0: Ball
2-0: Ball
3-0: Called Strike
3-1: Base on Balls
John Normand to third
Cody Marshall to second
Batting: LHB Josh Lane 0-0: Ball
1-0: Ball
2-0: Called Strike
2-1: Ball
3-1: Foul Ball, location: 2F
3-2: Ground out 6-3 (Groundball, 6, EV 90.0 MPH)
Bottom of the 1st over - 0 runs, 0 hits, 0 errors, 3 left on base; Calgary 0 - Joplin 0
TOP OF THE 2ND
Calgary Flames batting - Pitching for Joplin Blasters : LHP Ben Mills
Batting: RHB Willie Torres 0-0: Called Strike
0-1: Called Strike
0-2: Foul Ball, location: 2F
0-2: Ball
1-2: Strikes out swinging
Batting: RHB Andre Thompson 0-0: Ball
1-0: Ball
2-0: Ball
3-0: Called Strike
3-1: Foul Ball, location: 2F
3-2: Strikes out swinging
Batting: LHB Gary Corrales 0-0: SINGLE (Groundball, 34D, EV 96.2 MPH)
Batting: RHB Ahmed Elezi 0-0: Called Strike
0-1: Foul Ball, location: 2F
0-2: Ball
1-2: Foul Ball, location: 2F
1-2: Strikes out swinging
Top of the 2nd over - 0 runs, 1 hit, 0 errors, 1 left on base; Calgary 0 - Joplin 0
BOTTOM OF THE 2ND
Joplin Blasters batting - Pitching for Calgary Flames : RHP Jarrod Boncek
Batting: RHB Esteban Acuna 0-0: Called Strike
0-1: Fly out, F8 (Flyball, 8RD, EV 95.6 MPH)
Batting: LHB Willie Marquez 0-0: Ball
1-0: Ball
2-0: Ball
3-0: Called Strike
3-1: Foul Ball, location: 2F
3-2: Strikes out looking
Batting: RHB Danny Jefferies 0-0: Ball
1-0: Called Strike
1-1: Called Strike
1-2: Strikes out swinging
Bottom of the 2nd over - 0 runs, 0 hits, 0 errors, 0 left on base; Calgary 0 - Joplin 0
TOP OF THE 3RD
Calgary Flames batting - Pitching for Joplin Blasters : LHP Ben Mills
Batting: RHB Antonio Martinez 0-0: Foul Ball, location: 2F
0-1: Swinging Strike
0-2: Foul Ball, location: 2F
0-2: Ball
1-2: Ball
2-2: Strikes out swinging
Batting: LHB Garrett Dodge 0-0: Called Strike
0-1: Ground out 4-3 (Groundball, 34, EV 103.1 MPH)
Batting: RHB Peter Frankel 0-0: Called Strike
0-1: Swinging Strike
0-2: Ball
1-2: Strikes out swinging
Top of the 3rd over - 0 runs, 0 hits, 0 errors, 0 left on base; Calgary 0 - Joplin 0
BOTTOM OF THE 3RD
Joplin Blasters batting - Pitching for Calgary Flames : RHP Jarrod Boncek
Batting: RHB John Normand 0-0: Called Strike
0-1: Ball
1-1: SINGLE (Line Drive, 5D, EV 95.6 MPH)
Batting: RHB Mike McClung 0-0: Called Strike
0-1: Reached on error, E5 (Groundball, 56, EV 99.4 MPH)
John Normand to second
Batting: SHB Gary Woodroffe 0-0: Ball
1-0: Called Strike
1-1: Foul Ball, location: 2F
1-2: Fly out, F9 (Line Drive, 89M, EV 85.6 MPH)
Batting: RHB Cody Marshall 0-0: Ball
1-0: Foul Ball, location: 2F
1-1: Ball
2-1: Ball
3-1: Fly out, F9 (Flyball, 9, EV 95.0 MPH)
Batting: RHB Tanner Holland 0-0: Ball
1-0: Fly out, F7 (Line Drive, 78M, EV 97.5 MPH)
Bottom of the 3rd over - 0 runs, 1 hit, 1 error, 2 left on base; Calgary 0 - Joplin 0
TOP OF THE 4TH
Calgary Flames batting - Pitching for Joplin Blasters : LHP Ben Mills
Batting: RHB Norinaga Yamakawakamatsu 0-0: Ball
1-0: Ground out 5-3 (Groundball, 56S, EV 83.8 MPH)
Batting: RHB Alejandro Patron 0-0: Fly out, F9 (Flyball, 9LS, EV 96.2 MPH)
Batting: RHB Willie Torres 0-0: Ground out 6-3 (Groundball, 6, EV 98.1 MPH)
Top of the 4th over - 0 runs, 0 hits, 0 errors, 0 left on base; Calgary 0 - Joplin 0
BOTTOM OF THE 4TH
Joplin Blasters batting - Pitching for Calgary Flames : RHP Jarrod Boncek
Batting: LHB Josh Lane 0-0: Ball
1-0: Foul Ball, location: 2F
1-1: Ball
2-1: Foul Ball, location: 2F
2-2: Ball
3-2: Base on Balls
Batting: RHB Esteban Acuna 0-0: Ball
1-0: Called Strike
1-1: Swinging Strike
1-2: Strikes out swinging
Batting: LHB Willie Marquez 0-0: Called Strike
0-1: Foul Ball, location: 2F
0-2: Strikes out swinging
Batting: RHB Danny Jefferies 0-0: Fly out, F7 (Flyball, 7LS, EV 83.1 MPH)
Bottom of the 4th over - 0 runs, 0 hits, 0 errors, 1 left on base; Calgary 0 - Joplin 0
TOP OF THE 5TH
Calgary Flames batting - Pitching for Joplin Blasters : LHP Ben Mills
Batting: RHB Andre Thompson 0-0: Ball
1-0: Reached on error, E9 (Flyball, 89M, EV 91.9 MPH)
Batting: LHB Gary Corrales 0-0: Called Strike
0-1: Ball
1-1: SINGLE (Line Drive, 8RS, EV 110.0 MPH)
Andre Thompson to second
Batting: RHB Ahmed Elezi 0-0: Foul Ball, location: 2F
0-1: Foul Ball, location: 2F
0-2: Ball
1-2: Strikes out swinging
Batting: RHB Antonio Martinez 0-0: Swinging Strike
0-1: Ball
1-1: Ball
2-1: Ball
3-1: Foul Ball, location: 2F
3-2: SINGLE (Groundball, 4M, EV 100.6 MPH)
Andre Thompson to third
Gary Corrales to second
Batting: LHB Garrett Dodge 0-0: Fly out, F7 (Line Drive, 78D, EV 96.9 MPH)
Runner from 3rd tags up, SCORES, no throw by LF
Batting: RHB Peter Frankel 0-0: SINGLE (Line Drive, 9LS, EV 98.8 MPH)
Gary Corrales to third
Antonio Martinez to second
Runner from 3rd tries for Home, SAFE, throw by RF to home
Batting: RHB Norinaga Yamakawakamatsu 0-0: Called Strike
0-1: Ball
1-1: Foul Ball, location: 2F
1-2: Ball
2-2: Ball
3-2: Strikes out swinging
Top of the 5th over - 2 runs, 3 hits, 1 error, 2 left on base; Calgary 2 - Joplin 0
BOTTOM OF THE 5TH
Joplin Blasters batting - Pitching for Calgary Flames : RHP Jarrod Boncek
Batting: RHB John Normand 0-0: Ground out 6-3 (Groundball, 6, EV 90.6 MPH)
Batting: RHB Mike McClung 0-0: Ball
1-0: SOLO HOME RUN (Flyball, 78XD, EV 105.6 MPH), Distance : 398 ft
Batting: SHB Gary Woodroffe 0-0: Called Strike
0-1: Called Strike
0-2: Strikes out swinging
Batting: RHB Cody Marshall 0-0: Swinging Strike
0-1: Ball
1-1: Foul Ball, location: 2F
1-2: Ball
2-2: Foul Ball, location: 2F
2-2: Strikes out swinging
Bottom of the 5th over - 1 run, 1 hit, 0 errors, 0 left on base; Calgary 2 - Joplin 1
TOP OF THE 6TH
Calgary Flames batting - Pitching for Joplin Blasters : LHP Ben Mills
Batting: RHB Alejandro Patron 0-0: Ball
1-0: Ball
2-0: Foul Ball, location: 2F
2-1: Ball
3-1: Foul Ball, location: 2F
3-2: Foul Ball, location: 2F
3-2: Base on Balls
Batting: RHB Willie Torres 0-0: Called Strike
0-1: Swinging Strike
0-2: Ball
1-2: Fielders Choice at 2nd, 3-6 (Groundball, 3S, EV 93.8 MPH)
Batting: RHB Andre Thompson 0-0: Ball
1-0: Ball
2-0: Foul Ball, location: 2F
2-1: Ball
3-1: Fly out, F7 (Flyball, 7LD, EV 104.4 MPH)
Pitching: RHP Omar Flores
Batting: LHB Gary Corrales 0-0: Swinging Strike
0-1: Swinging Strike
0-2: Strikes out swinging
Top of the 6th over - 0 runs, 0 hits, 0 errors, 1 left on base; Calgary 2 - Joplin 1
BOTTOM OF THE 6TH
Joplin Blasters batting - Pitching for Calgary Flames : RHP Jarrod Boncek
Batting: RHB Tanner Holland 0-0: Ball
1-0: Ball
2-0: Called Strike
2-1: DOUBLE (Flyball, 8LXD, EV 98.1 MPH)
Batting: LHB Josh Lane 0-0: Ball
1-0: Foul Ball, location: 2F
1-1: Swinging Strike
1-2: Strikes out swinging
Pinch Hitting: RHB Dustin Peterson 0-0: Called Strike
0-1: Foul Ball, location: 2F
0-2: Strikes out swinging
Batting: LHB Willie Marquez 0-0: Fly out, F7 (Flyball, 7S, EV 90.6 MPH)
Bottom of the 6th over - 0 runs, 1 hit, 0 errors, 1 left on base; Calgary 2 - Joplin 1
TOP OF THE 7TH
Calgary Flames batting - Pitching for Joplin Blasters : RHP Omar Flores
Now in CF: Nate Brewer
Batting: RHB Ahmed Elezi 0-0: SOLO HOME RUN (Flyball, 7D, EV 100.0 MPH), Distance : 381 ft
Batting: RHB Antonio Martinez 0-0: Fly out, F8 (Flyball, 8LM, EV 90.6 MPH)
Batting: LHB Garrett Dodge 0-0: Swinging Strike
0-1: Ball
1-1: Foul Ball, location: 2F
1-2: Fly out, F7 (Flyball, 78M, EV 86.2 MPH)
Batting: RHB Peter Frankel 0-0: Called Strike
0-1: Foul Ball, location: 2F
0-2: Fly out, F8 (Flyball, 8LD, EV 98.1 MPH)
Top of the 7th over - 1 run, 1 hit, 0 errors, 0 left on base; Calgary 3 - Joplin 1
BOTTOM OF THE 7TH
Joplin Blasters batting - Pitching for Calgary Flames : RHP Jarrod Boncek
Batting: RHB Danny Jefferies 0-0: Foul Ball, location: 2F
0-1: Called Strike
0-2: Ball
1-2: Ball
2-2: Strikes out swinging
Batting: RHB John Normand 0-0: SINGLE (Line Drive, 89S, EV 104.4 MPH)
Pitching: RHP Scott Howarth
Batting: RHB Mike McClung 0-0: Ball
1-0: Ball
2-0: Foul Ball, location: 2F
2-1: Called Strike
2-2: Ball
3-2: Strikes out swinging
Batting: SHB Gary Woodroffe 0-0: Called Strike
0-1: SINGLE (Groundball, 4D, EV 95.0 MPH)
John Normand to second
Batting: RHB Cody Marshall 0-0: Ball
1-0: Swinging Strike
1-1: Foul Ball, location: 2F
1-2: Ball
2-2: Strikes out swinging
Bottom of the 7th over - 0 runs, 2 hits, 0 errors, 2 left on base; Calgary 3 - Joplin 1
TOP OF THE 8TH
Calgary Flames batting - Pitching for Joplin Blasters : RHP Omar Flores
Batting: RHB Norinaga Yamakawakamatsu 0-0: Ball
1-0: Swinging Strike
1-1: Swinging Strike
1-2: Foul Ball, location: 2F
1-2: Foul Ball, location: 2F
1-2: Ball
2-2: Foul Ball, location: 2F
2-2: Ball
3-2: Strikes out swinging
Batting: RHB Alejandro Patron 0-0: Ball
1-0: Called Strike
1-1: Ball
2-1: Ball
3-1: Called Strike
3-2: Ground out 6-3 (Groundball, 6, EV 81.9 MPH)
Batting: RHB Willie Torres 0-0: Ball
1-0: Ball
2-0: Called Strike
2-1: Called Strike
2-2: Foul Ball, location: 2F
2-2: Strikes out swinging
Top of the 8th over - 0 runs, 0 hits, 0 errors, 0 left on base; Calgary 3 - Joplin 1
BOTTOM OF THE 8TH
Joplin Blasters batting - Pitching for Calgary Flames : RHP Scott Howarth
Batting: RHB Tanner Holland 0-0: Called Strike
0-1: Foul Ball, location: 2F
0-2: Strikes out swinging
Batting: LHB Josh Lane 0-0: SINGLE (Line Drive, 9S, EV 109.4 MPH)
Batting: RHB Nate Brewer 0-0: Ball
1-0: Called Strike
1-1: Grounds into double play, 6-4-3 (Groundball, 6, EV 80.0 MPH)
Bottom of the 8th over - 0 runs, 1 hit, 0 errors, 0 left on base; Calgary 3 - Joplin 1
TOP OF THE 9TH
Calgary Flames batting - Pitching for Joplin Blasters : RHP Omar Flores
Batting: RHB Andre Thompson 0-0: Called Strike
0-1: Ball
1-1: Ball
2-1: Swinging Strike
2-2: Ground out 4-3 (Groundball, 4, EV 103.1 MPH)
Batting: LHB Gary Corrales 0-0: Ball
1-0: Called Strike
1-1: Ball
2-1: Foul Ball, location: 2F
2-2: Foul Ball, location: 2F
2-2: Ball
3-2: Strikes out looking
Batting: RHB Ahmed Elezi 0-0: Swinging Strike
0-1: Swinging Strike
0-2: Strikes out swinging, 2-3 out at first.
Top of the 9th over - 0 runs, 0 hits, 0 errors, 0 left on base; Calgary 3 - Joplin 1
BOTTOM OF THE 9TH
Joplin Blasters batting - Pitching for Calgary Flames : RHP Scott Howarth
Pitching: RHP Dylan Aceituno
Now at 2B: Pablo Henriquez
Now at SS: Andre Thompson
Now in CF: Peter Frankel
Pinch Hitting: RHB Colin Padgett 0-0: Ground out 4-3 (Groundball, 13, EV 90.6 MPH)
Pinch Hitting: RHB Kevin Lea 0-0: Called Strike
0-1: Ball
1-1: SINGLE (Groundball, 4, EV 103.8 MPH)
Batting: RHB John Normand 0-0: SINGLE (Line Drive, 9LM, EV 106.9 MPH)
Kevin Lea to second
Batting: RHB Mike McClung 0-0: Fly out, F9 (Line Drive, 9LM, EV 93.8 MPH)
Batting: SHB Gary Woodroffe 0-0: Ball
1-0: Ball
2-0: Foul Ball, location: 2F
2-1: Foul Ball, location: 2F
2-2: Ball
3-2: SINGLE (Groundball, 56D, EV 94.4 MPH)
Kevin Lea to third
John Normand to second
Kevin Lea scores
John Normand to third
Batting: RHB Cody Marshall 0-0: Ball
1-0: Ball
2-0: Foul Ball, location: 2F
2-1: Ball
3-1: Fly out, F9 (Line Drive, 89M, EV 93.1 MPH)
Bottom of the 9th over - 1 run, 3 hits, 0 errors, 2 left on base; Calgary 3 - Joplin 2
Tuesday, March 28th , 2023 - OOTP Baseball 23.10 Build 110